 Dungeon Crawl Stone Soup version 0.19.0-9-gfd783f2 (webtiles) character file.

229 JustSomeDude the Grave Robber (level 5, -2/36 HPs)
             Began as a Demonspawn Necromancer on Nov 7, 2016.
             Slain by a worker ant (3 damage)
             ... on level 3 of the Dungeon.
             The game lasted 00:13:55 (3674 turns).

JustSomeDude the Grave Robber (DsNe)                Turns: 3674, Time: 00:13:56

Health: -2/36      AC:  3    Str:  6 (8)  XL:     5   Next: 71%
Magic:  3/10       EV: 12    Int: 15 (17) God:
Gold:   150        SH:  0    Dex: 11 (14) Spells: 2 memorised, 6 levels left

rFire  . . .     SeeInvis .     (no weapon)
rCold  . . .     Gourm    +     a - +0 robe
rNeg   . . .     Faith    .     (no shield)
rPois  .         Spirit   .     (helmet restricted)
rElec  .         Reflect  .     (no cloak)
rCorr  .         Harm     .     (no gloves)
MR     .....                    (no boots)
Stlth  +++.......               m - amulet of the gourmand
                                (no ring)
                                (no ring)

@: lethally poisoned (-2 -> -4)
A: antennae 1, rugged brown scales 1, nightstalker 1
a: no special abilities


You were on level 3 of the Dungeon.
You were near starving.

You visited 1 branch of the dungeon, and saw 4 of its levels.

You collected 150 gold pieces.

Inventory:

Armour
 a - a +0 robe (worn)
 g - a +0 pair of gloves
Jewellery
 m - an amulet of the gourmand (around neck)
Scrolls
 h - 2 scrolls of blinking {unknown}
 i - 2 scrolls of enchant weapon {unknown}
 k - a scroll of identify {unknown}
 l - a scroll of remove curse
 r - 2 scrolls of teleportation {unknown}
 s - 2 scrolls of fog
Potions
 f - a potion of agility {unknown}
 j - a potion of ambrosia {unknown}
 n - a potion of brilliance {unknown}
 p - a potion of haste {unknown}
Books
 b - a book of Necromancy

   Spells                             Type                      Level
   a - Pain                           Necromancy                   1
   b - Animate Skeleton               Necromancy                   1
   c - Vampiric Draining              Necromancy                   3
   d - Regeneration                   Charms/Necromancy            3
   e - Animate Dead                   Necromancy                   4
   f - Control Undead                 Necromancy                   4
Comestibles
 c - a bread ration
 q - a meat ration
 t - 5 fruits


   Skills:
 + Level 2.1 Dodging
 + Level 2.0 Stealth
 + Level 3.8 Spellcasting
 + Level 6.3 Necromancy


You had 6 spell levels left.
You knew the following spells:

 Your Spells              Type           Power        Failure   Level  Hunger
a - Pain                  Necr           ###.         1%          1    None
b - Animate Dead          Necr           N/A          17%         4    ####...


Dungeon Overview and Level Annotations

Branches:
Dungeon (4/15)
 Temple: D:4-7

Altars:
Gozag
Okawaru
Yredelemnul


Innate Abilities, Weirdness & Mutations

You have a pair of small antennae on your head.
You are partially covered in rugged brown scales. (AC +1, +3% HP)
You are slightly more attuned to the shadows.


Message History

The worker ant barely misses you.
You start memorising the spell.
You continue memorising.
The worker ant bites you.
Your memorisation is interrupted.
You are poisoned.
The worker ant poisons you!
You feel sick. The worker ant bites you!
* * * LOW HITPOINT WARNING * * *
There is a stone staircase leading down, spattered with blood here.
There is a stone staircase leading up here.
You can't go down here!
You feel sick. The worker ant bites you.
* * * LOW HITPOINT WARNING * * *
You climb upwards.
There is a stone staircase leading down here.
It was a potion of degeneration.
There was something very wrong with that liquid.
You feel weakened.
You feel dopey.
You feel clumsy.
* * * LOW HITPOINT WARNING * * *
You feel sick. The worker ant bites you.
You die...

##### ##### #...#### #...#
###......#
#########Z#.####.#...#..#
..........#.....a#..#_#.#
##############.#@....#..#
#.............###......#########
#.####.....)#......<[#..........
#.# #.##.#.#..###...###########
#.# #.##.#.#....#..............
##.####.##.#.#.##.#...###########
#.....#.##.#.#.##.#...#
#.....#.#..#.#.##.#...#
#.....#.#.##.#.##.#...#


You could see a worker ant.

Vanquished Creatures
  A hound (D:3)
  2 orc wizards (D:3)
  5 gnolls
  An adder (D:2)
  An ooze (D:3)
  2 worms (D:3)
  2 dart slugs
  A leopard gecko (D:3)
  5 orcs (D:3)
  8 bats
  7 giant cockroaches
  6 goblins
  9 hobgoblins
  A ball python (D:1)
  4 frilled lizards
  13 kobolds
  5 rats
73 creatures vanquished.

Vanquished Creatures (collateral kills)
  A dart slug (D:3)
  An orc (D:3)
2 creatures vanquished.

Grand Total: 75 creatures vanquished

Notes
Turn   | Place    | Note
-------+----------+-------------------------------------------
     0 | D:1      | JustSomeDude the Demonspawn Necromancer began the quest for the Orb.
     0 | D:1      | Reached XP level 1. HP: 13/13 MP: 3/3
    76 | D:1      | Gained mutation: You are partially covered in rugged brown scales. (AC +1, +3% HP) [demonic ancestry]
    76 | D:1      | Reached XP level 2. HP: 11/19 MP: 1/5
   499 | D:1      | Reached skill level 5 in Necromancy
   646 | D:1      | Gained mutation: You are slightly more attuned to the shadows. [demonic ancestry]
   646 | D:1      | Reached XP level 3. HP: 12/24 MP: 3/6
   994 | D:2      | Found an opulent altar of Gozag.
   994 | D:2      | Found a basalt altar of Yredelemnul.
  1587 | D:2      | Found an iron altar of Okawaru.
  1873 | D:3      | Found a faded altar of an unknown god.
  1888 | D:3      | Reached XP level 4. HP: 29/30 MP: 5/8
  1940 | D:3      | Learned a level 4 spell: Animate Dead
  2314 | D:3      | Gained mutation: You have a pair of small antennae on your head. [demonic ancestry]
  2314 | D:3      | Reached XP level 5. HP: 22/36 MP: 3/9
  2847 | D:3      | Reached skill level 6 in Necromancy
  3519 | D:4      | Noticed an ogre
  3539 | D:4      | Noticed a slave
  3674 | D:3      | HP: 1/36 [poisoned by a worker ant]
  3674 | D:3      | Slain by a worker ant

Skill      XL: |  1  2  3  4  5 |
---------------+----------------+-----
Dodging        | 2 |  2.1
Necromancy     | 5 6 |  6.3
Stealth        | 2 |  2.0
Spellcasting   | 3 |  3.8

Action                   |  1- 3 |  4- 6 || total
-------------------------+-------+-------++-------
Melee: Unarmed           |    31 |    29 ||    60
 Cast: Pain              |    80 |    80 ||   160
       Animate Dead      |       |     6 ||     6
  Use: Scroll            |     1 |     1 ||     2
       Potion            |       |     6 ||     6
  Eat: Chunk             |     4 |     8 ||    12
Armor: Robe              |    14 |     6 ||    20
Dodge: Dodged            |    30 |    36 ||    66
